 Dungeon Crawl Stone Soup version 0.30.0-19-g36f170ea60 (webtiles) character file.

Game seed: 13363815687977071577

544 monsoonserge the Magician (level 7, 0/41 HPs)
             Began as a Deep Elf Hedge Wizard on May 29, 2023.
             Slain by a gnoll
             ... wielding a +0 halberd
             ... led by a gnoll bouda
              (11 damage)
             ... on level 5 of the Dungeon.
             The game lasted 00:16:04 (3800 turns).

monsoonserge the Magician (Deep Elf Hedge Wizard)   Turns: 3800, Time: 00:16:05

Health: 0/41       AC:  3    Str:  7    XL:     7   Next: 6%
Magic:  11/16      EV: 11    Int: 27    God:
Gold:   178        SH:  4    Dex: 14    Spells: 11/16 levels left

rFire   . . .        F - +0 rapier
rCold   . . .        k - +0 buckler
rNeg    . . .        e - +0 leather armour
rPois   .            c - +0 hat
rElec   .            (no cloak)
rCorr   .            (no gloves)
SInv    .            (no boots)
Will    +....        (no amulet)
Stlth   ++           f - +6 ring of intelligence
HPRegen 0.26/turn    C - ring of willpower
MPRegen 0.15/turn

%: no passive effects
@: no status effects
A: passive freeze, robust 1
a: no special abilities


You were on level 5 of the Dungeon.
You visited 1 branch of the dungeon, and saw 5 of its levels.

You collected 178 gold pieces.

Inventory:

Hand Weapons
 F - a +0 rapier (weapon)
Missiles
 m - 23 stones (quivered)
 q - 2 boomerangs of dispersal
Armour
 b - a +0 robe
 c - a +0 hat (worn)
 e - a +0 leather armour (worn)
 k - a +0 buckler (worn)
 v - a +0 scale mail
Magical Staves
 l - a staff of death
Jewellery
 f - a +6 ring of intelligence (left hand)
 y - a ring of ice
 z - a ring of see invisible
 C - a ring of willpower (right hand)
Wands
 u - a wand of paralysis (9)
 D - a wand of digging (5)
 G - a wand of flame (9)
Scrolls
 a - a scroll of torment {unknown}
 g - a scroll of teleportation {unknown}
 n - a scroll of brand weapon {unknown}
 o - a scroll of immolation {unknown}
 p - a scroll of blinking {unknown}
 r - 3 scrolls of acquirement {unknown}
 t - a scroll of enchant weapon {unknown}
 w - a scroll of identify {unknown}
 x - 2 scrolls of noise {unknown}
 H - a scroll of magic mapping {unknown}
Potions
 d - a potion of magic
 h - a potion of cancellation {unknown}
 i - a potion of lignification {unknown}
 j - 3 potions of heal wounds {unknown}
 s - 2 potions of flight {unknown}
 A - 3 potions of brilliance {unknown}
 B - 2 potions of curing
 E - a potion of ambrosia {unknown}


   Skills:
 + Level 1.1 Fighting
 + Level 1.1 Short Blades
 * Level 2.4 Armour
 + Level 3.4 Dodging
 - Level 3.0 Stealth
 * Level 2.1 Shields
 - Level 5.0 Spellcasting
 + Level 3.1 Conjurations
 - Level 3.0 Summonings
 * Level 2.8 Translocations


You had 11 spell levels left.
You knew the following spells:

 Your Spells              Type           Power      Damage    Failure   Level
a - Magic Dart            Conj           96%        1d7       4%          1
b - Blink                 Tloc           44%        N/A       9%          2
c - Call Imp              Summ           44%        N/A       8%          2

Your spell library contained the following spells:

 Spells                   Type           Power      Damage    Failure   Level
 Slow                     Hex            24%        N/A       17%         1
 Cigotuvi's Dreadful Rot  Necr/Pois/Air  12%        N/A       26%         2
 Mephitic Cloud           Conj/Pois/Air  12%        N/A       32%         3


Dungeon Overview and Level Annotations

Branches:
Dungeon (5/15)
 Temple: D:4-7

Altars:
Wu Jian
Yredelemnul

Shops:
D:3 (


Innate Abilities, Weirdness & Mutations

A frigid envelope surrounds you and freezes all who hurt you.
You are robust. (+10% HP)


Message History

You hit the gnoll bouda but do no damage.
The gnoll bouda is moderately wounded.
The gnoll bouda hits you with a +0 whip.
Your cerulean imp barely misses the gnoll bouda.
You block the gnoll's attack. You block the gnoll bouda's attack.
You hit the gnoll bouda.
The gnoll bouda is heavily wounded.
Your cerulean imp closely misses the gnoll bouda.
You block the gnoll's attack.
The gnoll bouda hits you with a +0 whip!
The gnoll bouda is very cold.
The gnoll bouda is severely wounded.
Casting: Call Imp (safe; 8% risk of failure)
Confirm with . or Enter, or press ? or * to list all spells.
Aiming: Magic Dart (safe; 4% risk of failure)
Press: ? - help, Shift-Dir - straight line, f/p - gnoll bouda
Aim: a gnoll bouda, wielding a +0 whip and wearing a +0 robe (severely wounded, ally target, 100% to hit)
The magic dart hits the gnoll bouda but does no damage.
The gnoll bouda is severely wounded.
Your cerulean imp closely misses the gnoll bouda.
The gnoll hits you from afar with a +0 halberd.
The gnoll bouda barely misses you.
Casting: Magic Dart (safe; 4% risk of failure)
Confirm with . or Enter, or press ? or * to list all spells.
Aiming: Magic Dart (safe; 4% risk of failure)
Press: ? - help, Shift-Dir - straight line, f/p - gnoll bouda
Aim: a gnoll bouda, wielding a +0 whip and wearing a +0 robe (severely wounded, ally target, 100% to hit)
The magic dart hits the gnoll bouda.
The gnoll bouda is almost dead.
Your cerulean imp hits the gnoll bouda but does no damage.
The gnoll closely misses you.
You puncture the gnoll bouda!
You kill the gnoll bouda!
The gnoll hits you from afar with a +0 halberd!
* * * LOW HITPOINT WARNING * * *
Your Fighting skill increases to level 1!
Unknown command.
Your cerulean imp hits the gnoll but does no damage.
The gnoll hits you from afar with a +0 halberd!
You die...

........[........##
.....>..........#
..............## .
#............## .
###............# #.
#.####..#......## #.
........####..### #.#
#.$..#...5.......##
.##..#.....#..g.@.......#
...........#....#.......#
#..<.....#...###......#
#..5........# ##....##
.......##....# #....#
#..#.###..#.. #...##
...#. . ##. ##### .. .. .
..


You could see a gnoll (swift, ally target) and a friendly cerulean imp
(summoned).

Vanquished Creatures
  Eustachio (D:4)
  A scorpion (D:5)
  A gnoll bouda (D:5)
  2 hounds
  Terence (D:2)
  2 iguanas
  A gnoll (D:2)
  3 adders
  A worm (D:3)
  A dart slug (D:4)
  An orc (D:4)
  6 ball pythons
  5 endoplasms
  2 giant cockroaches
  9 goblins
  8 hobgoblins
  6 jackals
  4 kobolds
  3 quokkas
  A bat (D:1)
  2 frilled lizards
  5 rats
66 creatures vanquished.

Vanquished Creatures (collateral kills)
  A scorpion (D:5)
  2 gnolls (D:2)
  A bat (D:2)
4 creatures vanquished.

Grand Total: 70 creatures vanquished

Notes
Turn   | Place    | Note
-------+----------+-------------------------------------------
     0 | D:1      | monsoonserge the Deep Elf Hedge Wizard began the quest for
                  | the Orb.
     0 | D:1      | Reached XP level 1. HP: 10/10 MP: 7/7
   387 | D:1      | Reached XP level 2. HP: 8/15 MP: 0/9
   396 | D:1      | Learned a level 2 spell: Blink
   399 | D:1      | Learned a level 2 spell: Call Imp
   903 | D:1      | Found a faded altar of an unknown god.
  1182 | D:2      | Found an ornate altar of the Wu Jian Council.
  1293 | D:2      | Reached skill level 1 in Shields
  1293 | D:2      | Reached XP level 3. HP: 19/19 MP: 2/11
  1312 | D:2      | Reached skill level 5 in Spellcasting
  1348 | D:4      | Gained mutation: A frigid envelope surrounds you and
                  | freezes all who hurt you. [potion of mutation]
  1348 | D:4      | Gained mutation: You are robust. (+10% HP) [potion of
                  | mutation]
  1348 | D:4      | HP: 1/20 [adder (1)]
  1575 | D:4      | Noticed Eustachio
  1605 | D:4      | Reached XP level 4. HP: 26/26 MP: 9/13
  1813 | D:3      | Found Ryfocsapp's Antique Weapon Shop.
  1815 | D:3      | Noticed Terence
  1862 | D:2      | Killed Terence
  1863 | D:2      | Reached XP level 5. HP: 13/30 MP: 8/14
  3111 | D:4      | Reached skill level 1 in Armour
  3379 | D:4      | Killed Eustachio
  3380 | D:4      | Reached skill level 1 in Short Blades
  3380 | D:4      | Reached XP level 6. HP: 29/35 MP: 9/15
  3438 | D:5      | Entered Level 5 of the Dungeon
  3482 | D:5      | Found a basalt altar of Yredelemnul.
  3659 | D:5      | Reached XP level 7. HP: 27/40 MP: 13/16
  3800 | D:5      | Reached skill level 1 in Fighting
  3800 | D:5      | Slain by a gnoll

Illustrated notes

Levels and vault maps discovered:
D:1:      eino_arrival_cavern_c, layout_loops_cross,
          shapermc_ecumenical_altar_acropolis
D:2:      layout_rooms, basic_altar
D:3:      layout_rooms, serial_shops, shop, uniq_terence
D:4:      layout_basic, uniq_eustachio
D:5:      layout_cave_pools, fedhas_altar_decomposition,
          yredelemnul_altar_generic, minmay_temple_entry_trees,
          kennysheep_path_1

Skill      XL: |  1  2  3  4  5  6  7 |
---------------+----------------------+-----
Shields        | 1 2 |  2.1
Spellcasting   | 5 |  5.0
Summonings     | 2 3 |  3.0
Dodging        | 3 |  3.4
Conjurations   | 2 3 |  3.1
Translocations | 2 |  2.8
Stealth        | 3 |  3.0
Armour         | 1 2 |  2.4
Short Blades   | 1 |  1.1
Fighting       | 1 |  1.1

Action                     |  1- 3 |  4- 6 |  7- 9 || total
---------------------------+-------+-------+-------++-------
  Melee: Dagger            |    31 |    25 |       ||    56
         Short sword       |       |     6 |       ||     6
         Rapier            |       |     8 |     4 ||    12
   Cast: Magic Dart        |    68 |    76 |     4 ||   148
         Call Imp          |     2 |     6 |     1 ||     9
         Blink             |     1 |       |       ||     1
    Use: Potion            |     2 |       |       ||     2
   Stab: Sleeping          |     3 |     3 |       ||     6
         Distracted        |       |     1 |       ||     1
 Armour: Robe              |    19 |       |       ||    19
         Leather armour    |     1 |     9 |       ||    10
  Dodge: Dodged            |    55 |    31 |     4 ||    90
  Block: Buckler           |    18 |    17 |     3 ||    38
